 Dungeon Crawl Stone Soup version 0.28.0 (webtiles) character file.

Game seed: 10136429911056431642

595 Sanktem7 the Covered (level 7, -3/61 HPs)
             Began as a Minotaur Fighter on Feb 10, 2022.
             Slain by a gnoll (5 damage)
             ... on level 4 of the Dungeon.
             The game lasted 00:05:45 (4817 turns).

Sanktem7 the Covered (Minotaur Fighter)             Turns: 4817, Time: 00:05:45

Health: -3/61      AC:  8    Str: 23    XL:     7   Next: 16%
Magic:  6/6        EV: 10    Int:  5    God:
Gold:   117        SH:  4    Dex:  9    Spells: 6/6 levels left

rFire   . . .      SeeInvis .   a - +0 long sword
rCold   . . .      Faith    .   c - +0 buckler
rNeg    . . .      Spirit   .   b - +1 scale mail
rPois   .          Reflect  .   (helmet restricted)
rElec   .          Harm     .   (no cloak)
rCorr   +          Rampage  .   (no gloves)
Will    .....                   (no boots)
Stlth   ..........              (no amulet)
HPRegen 0.20/turn               j - ring of resist corrosion
MPRegen 0.10/turn               (no ring)

@: invisible
A: horns 2, retaliatory headbutt
a: no special abilities


You were on level 4 of the Dungeon.
You visited 1 branch of the dungeon, and saw 4 of its levels.

You collected 117 gold pieces.

Inventory:

Hand Weapons
 a - a +0 long sword (weapon)
 i - the +3 mace of Impatience {freeze, Str+6 Int+3 Dex-2}
   (You found it on level 3 of the Dungeon)

   It freezes those it strikes, dealing additional cold damage.
   It can also slow down cold-blooded creatures.
   Str:       It affects your strength (+6).
   Int:       It affects your intelligence (+3).
   Dex:       It affects your dexterity (-2).
Armour
 b - a +1 scale mail (worn)
 c - a +0 buckler (worn)
Jewellery
 j - a ring of resist corrosion (left hand)
Wands
 q - a wand of flame (5)
Scrolls
 e - a scroll of vulnerability
 m - a scroll of identify
 n - 2 scrolls of blinking
 o - a scroll of magic mapping {unknown}
 p - a scroll of amnesia {unknown}
Potions
 d - a potion of might
 f - a potion of heal wounds {unknown}
 g - a potion of mutation {unknown}
 h - a potion of invisibility
 k - 2 potions of curing
 l - a potion of resistance {unknown}


   Skills:
 + Level 5.2 Fighting
 + Level 5.5 Long Blades
 + Level 6.0 Armour
 + Level 1.8 Dodging
 + Level 0.2 Stealth
 + Level 5.3 Shields


You had 6 spell levels left.
You didn't know any spells.
Your spell library was empty.

Dungeon Overview and Level Annotations

Branches:
Dungeon (4/15)
 Temple: D:4-7

Altars:
Dithmenos
Zin


Innate Abilities, Weirdness & Mutations

You have a pair of horns on your head.
You reflexively headbutt those who attack you in melee.


Message History

The gnoll is moderately wounded.
The gnoll hits you but does no damage.
The gnoll shaman hits you with a +0 club.
You block the gnoll's attack.
You closely miss the gnoll. Your headbutt misses the gnoll.
The gnoll is moderately wounded.
The gnoll hits you but does no damage.
The gnoll shaman calls upon its god to heal the gnoll.
The gnoll's wounds heal themselves!
The gnoll closely misses you.
The gnoll shaman mumbles some strange prayers to its god.
The gnoll shaman is healed somewhat.
The gnoll hits you from afar with a +0 spear.
You slash the gnoll shaman!
You kill the gnoll shaman!
The gnoll misses you.
The gnoll hits you from afar with a +0 spear.
You barely miss the gnoll. Your headbutt misses the gnoll.
The gnoll hits you from afar with a +0 spear.
The gnoll barely misses you.
You barely miss the gnoll.
The gnoll hits you with a +2 whip of electrocution.
You are electrocuted!
The gnoll hits you from afar with a +0 spear.
The gnoll hits you with a +0 flail.
You barely miss the gnoll.
The gnoll hits you with a +2 whip of electrocution.
The gnoll hits you but does no damage. The gnoll closely misses you.
The gnoll hits you with a +2 whip of electrocution!
* * * LOW HITPOINT WARNING * * *
You hit the gnoll. You headbutt the gnoll.
The gnoll is moderately wounded.
The gnoll hits you but does no damage. You block the gnoll's attack.
The gnoll misses you. The gnoll hits you with a +0 flail.
* * * LOW HITPOINT WARNING * * *
The gnoll hits you with a +0 flail!
* * * LOW HITPOINT WARNING * * *
You fade into invisibility!
You block the gnoll's attack. The gnoll hits you with a +0 flail.
You die...

..####..##
#..##.## #..#
##..## ##....#
##.# ##..##
##...## #.#
##..## ####.#
##.# ##...## ###
#.## ##.....##
.## ##..###..##
##
##....###(.#####
##.###>#
##.)@g.## ##.##
.# ###.gg)#
###.## #. ####.#
..>.# .. #..#
....### ## ...##
......## #...#
.###..... ##.#
........# ##
.####...#


You could see 3 gnolls.

Vanquished Creatures
  Sigmund (D:3)
  2 scorpions (D:4)
  2 gnoll shamans
  Crazy Yiuf (D:3)
  Ijyb (D:4)
  An orc wizard (D:4)
  5 adders
  4 gnolls
  A howler monkey skeleton (D:4)
  An ufetubus (D:4)
  8 worms
  7 dart slugs
  4 orcs
  3 endoplasms
  A giant cockroach (D:1)
  6 goblins
  3 hobgoblins
  2 jackals (D:2)
  3 quokkas
  8 ball pythons
  5 bats
  3 kobolds
  3 rats
75 creatures vanquished.

Notes
Turn   | Place    | Note
-------+----------+-------------------------------------------
     0 | D:1      | Sanktem7 the Minotaur Fighter began the quest for the Orb.
     0 | D:1      | Reached XP level 1. HP: 19/19 MP: 0/0
    34 | D:1      | Reached skill level 4 in Armour
   200 | D:1      | Reached XP level 2. HP: 26/27 MP: 1/1
   417 | D:1      | You fall into a shaft and drop 1 floor!
   704 | D:2      | Reached XP level 3. HP: 29/33 MP: 2/2
  1411 | D:2      | Found a faded altar of an unknown god.
  1615 | D:2      | Reached XP level 4. HP: 31/40 MP: 3/3
  1842 | D:3      | Noticed Ijyb
  1861 | D:3      | Noticed Sigmund
  1876 | D:4      | HP: 2/40 [Ijyb (2)]
  1880 | D:4      | Killed Ijyb
  2177 | D:4      | Reached XP level 5. HP: 14/46 MP: 4/4
  2447 | D:3      | Killed Sigmund
  2448 | D:3      | Reached skill level 5 in Armour
  2448 | D:3      | Reached skill level 1 in Dodging
  2448 | D:3      | Reached XP level 6. HP: 7/55 MP: 5/5
  2851 | D:3      | Found a glowing silver altar of Zin.
  2903 | D:3      | Found a runed translucent door.
  2904 | D:3      | Noticed Crazy Yiuf
  3250 | D:3      | Killed Crazy Yiuf
  3404 | D:3      | Identified the +3 mace of Impatience {freeze, Str+6 Int+3
                  | Dex-2}
  3581 | D:4      | Found a shadowy altar of Dithmenos.
  3903 | D:4      | Reached skill level 5 in Fighting
  3903 | D:4      | Reached skill level 5 in Long Blades
  3903 | D:4      | Reached skill level 5 in Shields
  4575 | D:4      | Reached skill level 6 in Armour
  4575 | D:4      | Reached XP level 7. HP: 43/61 MP: 6/6
  4816 | D:4      | HP: 2/61 [gnoll (8)]
  4817 | D:4      | Slain by a gnoll

Illustrated notes

Levels and vault maps discovered:
D:1:      dpeg_arrival_simpleton_c, layout_loops_ring, minmay_misc_feat_tiny
D:2:      layout_basic, shapermc_ecumenical_altar_ellora,
          grunt_decor_resistance, minmay_misc_feat_x
D:3:      layout_basic, mainiacjoe_overflow_six_doors_small, uniq_ijyb,
          uniq_sigmund, uniq_crazy_yiuf_cottage
D:4:      layout_layer_cave, nicolae_dithmenos_the_darkroom, nicolae_wormholes

Skill      XL: |  1  2  3  4  5  6 |
---------------+-------------------+-----
Armour         | 4 5 6 |  6.0
Fighting       | 4 5 |  5.2
Shields        | 4 5 |  5.3
Long Blades    | 3 4 5 |  5.5
Dodging        | 1 |  1.8
Stealth        | |  0.2

Action                   |  1- 3 |  4- 6 |  7- 9 || total
-------------------------+-------+-------+-------++-------
Melee: Long sword        |    90 |   138 |    12 ||   240
       Headbutt          |    14 |    19 |     2 ||    35
  Use: Scroll            |       |     6 |       ||     6
       Potion            |       |       |     1 ||     1
Armor: Scale mail        |    51 |    60 |     6 ||   117
Dodge: Dodged            |    57 |    79 |    12 ||   148
Block: Buckler           |    27 |    37 |     4 ||    68
